PL
BUCKHEAD BOWTIES @ BOSTON PATRIOTS
09/18/2020
 
TOP OF THE 1ST
Buckhead Bowties batting - Pitching for Boston Patriots : RHP Sozen Raikatuji
Pitching: RHP Sozen Raikatuji
Batting: RHB Dave King 0-0: Ball
1-0: Ball
2-0: Swinging Strike
2-1: Ball
3-1: Called Strike
3-2: Strikes out looking
Batting: LHB Sinclair van Kooten 0-0: Ball
1-0: Ball
2-0: Ball
3-0: Called Strike
3-1: Foul Ball, location: 2F
3-2: Ground out 5-3 (Groundball, 5S)
Batting: RHB John Downing 0-0: Swinging Strike
0-1: Ball
1-1: Called Strike
1-2: Foul Ball, location: 2F
1-2: Strikes out swinging
Top of the 1st over - 0 run(s), 0 hit(s), 0 error(s), 0 left on base; Buckhead 0 - Boston 0
BOTTOM OF THE 1ST
Boston Patriots batting - Pitching for Buckhead Bowties : LHP Chester Henry
Pitching: LHP Chester Henry
Batting: RHB Wilfred McLaughlin 0-0: Ball
1-0: Called Strike
1-1: Foul Ball, location: 2F
1-2: Fly out, F3 (Popup, 34S)
Batting: RHB Tommy Jones 0-0: Called Strike
0-1: Swinging Strike
0-2: Ball
1-2: Ball
2-2: Ball
3-2: Base on Balls
Batting: LHB Chad Armstrong 0-0: Ball
1-0: Swinging Strike
1-1: Foul Ball, location: 2F
1-2: Ball
2-2: Ball
3-2: Foul Ball, location: 2F
3-2: Ground out 3-1 (Groundball, 34S)
Tommy Jones to second
Batting: LHB Bill Chambers 0-0: Ball
1-0: Swinging Strike
1-1: Swinging Strike
1-2: Strikes out looking
Bottom of the 1st over - 0 run(s), 0 hit(s), 0 error(s), 1 left on base; Buckhead 0 - Boston 0
TOP OF THE 2ND
Buckhead Bowties batting - Pitching for Boston Patriots : RHP Sozen Raikatuji
Batting: LHB Tony Martínez 0-0: Foul Ball, location: 2F
0-1: Swinging Strike
0-2: Ball
1-2: Foul Ball, location: 2F
1-2: SINGLE (Line Drive, 8RS)
Batting: RHB Gabriel Rodríguez 0-0: Called Strike
0-1: Ball
1-1: Grounds into double play, 6-4-3 (Groundball, 6)
Batting: LHB Kenneth Chapman 0-0: Called Strike
0-1: Swinging Strike
0-2: Ball
1-2: Strikes out swinging passed ball, reaches first!
Batting: RHB Pedro Morales 0-0: Foul Ball, location: 2F
0-1: Called Strike
0-2: Strikes out swinging
Top of the 2nd over - 0 run(s), 1 hit(s), 0 error(s), 1 left on base; Buckhead 0 - Boston 0
BOTTOM OF THE 2ND
Boston Patriots batting - Pitching for Buckhead Bowties : LHP Chester Henry
Batting: RHB Manuel Villarreal 0-0: Ball
1-0: Ground out 5-3 (Groundball, 5S)
Batting: RHB Bob Heller 0-0: Foul Ball, location: 2F
0-1: Ball
1-1: Ball
2-1: Foul Ball, location: 2F
2-2: Ball
3-2: Ground out 4-3 (Groundball, 6M)
Batting: RHB John MacGregor 0-0: Ball
1-0: Ball
2-0: SINGLE (Line Drive, 6MD)
Batting: RHB Sozen Raikatuji 0-0: Called Strike
0-1: Foul Ball, location: 2F
0-2: Ball
1-2: Strikes out swinging
Bottom of the 2nd over - 0 run(s), 1 hit(s), 0 error(s), 1 left on base; Buckhead 0 - Boston 0
TOP OF THE 3RD
Buckhead Bowties batting - Pitching for Boston Patriots : RHP Sozen Raikatuji
Batting: RHB Domingo García 0-0: Ball
1-0: Foul Ball, location: 2F
1-1: Called Strike
1-2: Strikes out swinging
Batting: LHB Chester Henry 0-0: Swinging Strike
0-1: Swinging Strike
0-2: Ball
1-2: Foul Ball, location: 2F
1-2: Fly out, F8 (Flyball, 8LM)
Batting: RHB Dave King 0-0: Ball
1-0: Ball
2-0: Fly out, F9 (Line Drive, 89D)
Top of the 3rd over - 0 run(s), 0 hit(s), 0 error(s), 0 left on base; Buckhead 0 - Boston 0
BOTTOM OF THE 3RD
Boston Patriots batting - Pitching for Buckhead Bowties : LHP Chester Henry
Batting: RHB Gil Jenkins 0-0: Foul Ball, location: 2F
0-1: Ground out 6-3 (Groundball, 6)
Batting: RHB Wilfred McLaughlin 0-0: Called Strike
0-1: Swinging Strike
0-2: Hit by Pitch
Batting: RHB Tommy Jones 0-0: Called Strike
0-1: Ball
1-1: Foul Ball, location: 2F
1-2: DOUBLE (Line Drive, 89D)
Wilfred McLaughlin to third
Batting: LHB Chad Armstrong 0-0: Fly out, F7 (Line Drive, 7M)
Runner from 3rd tags up, SCORES, no throw
Batting: LHB Bill Chambers 0-0: Ball
1-0: Foul Ball, location: 2F
1-1: Called Strike
1-2: Fly out, F9 (Flyball, 89M)
Bottom of the 3rd over - 1 run(s), 1 hit(s), 0 error(s), 1 left on base; Buckhead 0 - Boston 1
TOP OF THE 4TH
Buckhead Bowties batting - Pitching for Boston Patriots : RHP Sozen Raikatuji
Batting: LHB Sinclair van Kooten 0-0: Called Strike
0-1: Ground out 4-3 (Groundball, 4M)
Batting: RHB John Downing 0-0: Ball
1-0: Ball
2-0: Ball
3-0: Called Strike
3-1: Swinging Strike
3-2: Base on Balls
Batting: LHB Tony Martínez 0-0: Called Strike
0-1: Ball
1-1: Foul Ball, location: 2F
1-2: Ball
2-2: Ball
3-2: Fly out, F8 (Flyball, 8RM)
Batting: RHB Gabriel Rodríguez 0-0: Called Strike
0-1: Fly out, F8 (Flyball, 8LXD)
Top of the 4th over - 0 run(s), 0 hit(s), 0 error(s), 1 left on base; Buckhead 0 - Boston 1
BOTTOM OF THE 4TH
Boston Patriots batting - Pitching for Buckhead Bowties : LHP Chester Henry
Batting: RHB Manuel Villarreal 0-0: Ball
1-0: Ball
2-0: Called Strike
2-1: Foul Ball, location: 2F
2-2: SOLO HOME RUN (Flyball, 7D), Distance : 392 ft
Batting: RHB Bob Heller 0-0: Foul Ball, location: 2F
0-1: Ball
1-1: Ball
2-1: SINGLE (Groundball, 6MS)
Batting: RHB John MacGregor 0-0: Ball
1-0: Ball
2-0: Ball
3-0: Base on Balls
Bob Heller to second
Batting: RHB Sozen Raikatuji 0-0: Sac Bunt - play at third, runner OUT! 5-6
John MacGregor to second
Batting: RHB Gil Jenkins 0-0: SINGLE (Groundball, 56D)
John MacGregor to third
Sozen Raikatuji to second
Runner from 3rd tries for Home, throw and OUT!
Batting: RHB Wilfred McLaughlin 0-0: Fly out, F8 (Flyball, 8RXD)
Bottom of the 4th over - 1 run(s), 3 hit(s), 0 error(s), 2 left on base; Buckhead 0 - Boston 2
TOP OF THE 5TH
Buckhead Bowties batting - Pitching for Boston Patriots : RHP Sozen Raikatuji
Batting: LHB Kenneth Chapman 0-0: Foul Ball, location: 2F
0-1: Foul Ball, location: 2F
0-2: Strikes out swinging
Batting: RHB Pedro Morales 0-0: Ball
1-0: Foul Ball, location: 2F
1-1: Foul Ball, location: 2F
1-2: SINGLE (Line Drive, 8LS)
Batting: RHB Domingo García 0-0: Ball
1-0: Ball
2-0: Called Strike
2-1: Foul Ball, location: 2F
2-2: Foul Ball, location: 2F
2-2: Foul Ball, location: 2F
2-2: Strikes out swinging
Pedro Morales steals 2nd base
Batter strikes out.
Batting: LHB Chester Henry 0-0: Ball
1-0: SINGLE (Groundball, 4)
Pedro Morales to third
Runner from 3rd tries for Home, SAFE, no throw or cutoff
Batting: RHB Dave King 0-0: Fielders Choice at 2nd, 6-4 (Groundball, 6)
Top of the 5th over - 1 run(s), 2 hit(s), 0 error(s), 0 left on base; Buckhead 1 - Boston 2
BOTTOM OF THE 5TH
Boston Patriots batting - Pitching for Buckhead Bowties : LHP Chester Henry
Batting: RHB Tommy Jones 0-0: Called Strike
0-1: Called Strike
0-2: Strikes out looking
Batting: LHB Chad Armstrong 0-0: Called Strike
0-1: Foul Ball, location: 2F
0-2: Foul Ball, location: 2F
0-2: Ball
1-2: Foul Ball, location: 2F
1-2: Ball
2-2: Ball
3-2: Base on Balls
Batting: LHB Bill Chambers 0-0: Ball
1-0: Ball
2-0: Called Strike
2-1: Foul Ball, location: 2F
2-2: Ball
3-2: Foul Ball, location: 2F
3-2: Base on Balls
Chad Armstrong to second
Batting: RHB Manuel Villarreal 0-0: Ball
1-0: Foul Ball, location: 2F
1-1: Ball
2-1: Foul Ball, location: 2F
2-2: Foul Ball, location: 2F
2-2: 3-RUN HOME RUN (Line Drive, 7D), Distance : 407 ft
Batting: RHB Bob Heller 0-0: Ball
1-0: Ball
2-0: Ball
3-0: Foul Ball, location: 2F
3-1: Base on Balls
Batting: RHB John MacGregor 0-0: Ball
1-0: Foul Ball, location: 2F
1-1: Grounds into double play, 4-6-3 (Groundball, 4)
Bottom of the 5th over - 3 run(s), 1 hit(s), 0 error(s), 0 left on base; Buckhead 1 - Boston 5
TOP OF THE 6TH
Buckhead Bowties batting - Pitching for Boston Patriots : RHP Sozen Raikatuji
Batting: LHB Sinclair van Kooten 0-0: Called Strike
0-1: Called Strike
0-2: Foul Ball, location: 2F
0-2: Strikes out swinging wild pitch, reaches first!
Batting: RHB John Downing 0-0: Ball
Sinclair van Kooten is caught stealing 2nd base
1-0: Swinging Strike
1-1: Called Strike
1-2: Ball
2-2: Foul Ball, location: 2F
2-2: Ball
3-2: Ground out 6-3 (Groundball, 6)
Batting: LHB Tony Martínez 0-0: Ball
1-0: Called Strike
1-1: Ball
2-1: Called Strike
2-2: Ball
3-2: Foul Ball, location: 2F
3-2: Foul Ball, location: 2F
3-2: Strikes out looking
Top of the 6th over - 0 run(s), 0 hit(s), 0 error(s), 0 left on base; Buckhead 1 - Boston 5
BOTTOM OF THE 6TH
Boston Patriots batting - Pitching for Buckhead Bowties : LHP Chester Henry
Pinch Hitting: RHB Manuel Romo 0-0: Ball
1-0: Called Strike
1-1: Foul Ball, location: 2F
1-2: Ground out 5-3 (Groundball, 56)
Batting: RHB Gil Jenkins 0-0: Ball
1-0: Foul Ball, location: 2F
1-1: Called Strike
1-2: Ball
2-2: Strikes out swinging
Batting: RHB Wilfred McLaughlin 0-0: Called Strike
0-1: Ball
1-1: DOUBLE (Line Drive, 7LM)
Batting: RHB Tommy Jones 0-0: Called Strike
0-1: Ball
1-1: Ground out 6-3 (Groundball, 6)
Bottom of the 6th over - 0 run(s), 1 hit(s), 0 error(s), 1 left on base; Buckhead 1 - Boston 5
TOP OF THE 7TH
Buckhead Bowties batting - Pitching for Boston Patriots : RHP Sozen Raikatuji
Pitching: RHP Earnest Casey
Batting: RHB Gabriel Rodríguez 0-0: SINGLE (Groundball, 56D)
Batting: LHB Kenneth Chapman 0-0: Called Strike
0-1: Ball
1-1: Ball
2-1: Called Strike
2-2: Foul Ball, location: 2F
2-2: Ball
3-2: Foul Ball, location: 2F
3-2: Fielders Choice at 2nd, 6-4 (Groundball, 6M)
Batting: RHB Pedro Morales 0-0: Called Strike
0-1: Called Strike
0-2: Ball
1-2: Foul Ball, location: 2F
1-2: Strikes out swinging
Batting: RHB Domingo García 0-0: Called Strike
0-1: Fly out, F9 (Flyball, 9LM)
Top of the 7th over - 0 run(s), 1 hit(s), 0 error(s), 1 left on base; Buckhead 1 - Boston 5
BOTTOM OF THE 7TH
Boston Patriots batting - Pitching for Buckhead Bowties : LHP Chester Henry
Batting: LHB Chad Armstrong 0-0: Ball
1-0: Called Strike
1-1: Ball
2-1: Fly out, F9 (Flyball, 9D)
Batting: LHB Bill Chambers 0-0: Ball
1-0: SINGLE (Line Drive, 78S)
Batting: RHB Manuel Villarreal 0-0: Ball
1-0: Ball
2-0: Called Strike
2-1: Ball
3-1: Base on Balls
Bill Chambers to second
Pitching: RHP Gene Kirkland
Batting: RHB Bob Heller 0-0: Called Strike
0-1: Ball
1-1: Swinging Strike
1-2: Foul Ball, location: 2F
1-2: Foul Ball, location: 2F
1-2: SINGLE (Line Drive, 5D)
Bill Chambers to third
Manuel Villarreal to second
Batting: RHB John MacGregor 0-0: Fly out, F9 (Flyball, 9LMF)
Runner from 3rd tags up, SCORES, throw made
Pinch Hitting: LHB Roberto Rodríguez 0-0: Ball
1-0: Ball
2-0: Ball
3-0: Called Strike
3-1: Base on Balls
Manuel Villarreal to third
Bob Heller to second
Batting: RHB Gil Jenkins 0-0: Ball
1-0: Swinging Strike
1-1: Called Strike
1-2: Strikes out swinging
Bottom of the 7th over - 1 run(s), 2 hit(s), 0 error(s), 3 left on base; Buckhead 1 - Boston 6
TOP OF THE 8TH
Buckhead Bowties batting - Pitching for Boston Patriots : RHP Earnest Casey
Pitching: LHP John Coleman
Pinch Hitting: RHB Aurelio Vázquez 0-0: Called Strike
0-1: Ball
1-1: Ball
2-1: Ball
3-1: Called Strike
3-2: Foul Ball, location: 2F
3-2: SINGLE (Line Drive, 7S)
Batting: RHB Dave King 0-0: Ball
1-0: Called Strike
1-1: Ball
2-1: Ball
3-1: Foul Ball, location: 2F
3-2: Strikes out swinging
Batting: LHB Sinclair van Kooten 0-0: Ball
1-0: SINGLE (Groundball, 6MD)
Aurelio Vázquez to second
Batting: RHB John Downing 0-0: Ball
1-0: Foul Ball, location: 2F
1-1: Ball
2-1: Foul Ball, location: 2F
2-2: Fly out, F7 (Flyball, 7S)
Batting: LHB Tony Martínez 0-0: Fly out, F8 (Flyball, 8LS)
Top of the 8th over - 0 run(s), 2 hit(s), 0 error(s), 2 left on base; Buckhead 1 - Boston 6
BOTTOM OF THE 8TH
Boston Patriots batting - Pitching for Buckhead Bowties : RHP Gene Kirkland
Pitching: LHP Kevin Woods
Batting: RHB Wilfred McLaughlin 0-0: Ball
1-0: Called Strike
1-1: Swinging Strike
1-2: Fly out, F9 (Flyball, 9M)
Batting: RHB Tommy Jones 0-0: Called Strike
0-1: Ball
1-1: Ball
2-1: Fly out, F8 (Flyball, 8RM)
Batting: LHB Chad Armstrong 0-0: Ball
1-0: Foul Ball, location: 2F
1-1: Swinging Strike
1-2: Foul Ball, location: 2F
1-2: Ball
2-2: Foul Ball, location: 2F
2-2: Ground out 4-3 (Groundball, 4M)
Bottom of the 8th over - 0 run(s), 0 hit(s), 0 error(s), 0 left on base; Buckhead 1 - Boston 6
TOP OF THE 9TH
Buckhead Bowties batting - Pitching for Boston Patriots : LHP John Coleman
Batting: RHB Gabriel Rodríguez 0-0: Ball
1-0: Foul Ball, location: 2F
1-1: Ball
2-1: Called Strike
2-2: Foul Ball, location: 2F
2-2: Strikes out swinging
Batting: LHB Kenneth Chapman 0-0: Called Strike
0-1: Called Strike
0-2: Fly out, F7 (Flyball, 78S)
Batting: RHB Pedro Morales 0-0: Fly out, F8 (Flyball, 8LS)
Top of the 9th over - 0 run(s), 0 hit(s), 0 error(s), 0 left on base; Buckhead 1 - Boston 6
This league is powered by Out of the Park Baseball, the baseball management simulation game for PC, Mac and Linux
Friday, October 23rd, 2015 - OOTP Baseball 16.9 Build 39